Map: Deathaura LE

Players

A.I. 1 (Very Easy)

  • Race: Zerg Zerg

crook - Winner!

  • Race: Zerg Zerg
  • League: Platinum

VOD

Have the link to the VOD?

Description

Time

  • Played on: May 12, 2021, 8:08 p.m.
  • Length: 11:04
Show
View Real Time Build Order
Export as new Build Order

A.I. 1 (Very Easy) Zerg 

Build Orders: Hatch First 

Get SALT Encoding   

  12  0:00  Drone  
  13  0:12  Overlord  
  13  0:16  Drone  
  14  0:40  Hatchery  
  13  0:45  Drone  
  14  1:03  Spawning Pool  
  13  1:04  Extractor  
  13  1:06  Drone  
  13  1:13  Drone  
  14  1:19  Overlord  
  14  1:49  Zergling x2  
  14  1:50  Queen  
  14  1:52  Zergling x2  
  18  1:56  Roach Warren  
  17  2:02  Drone  
  17  2:05  Extractor  
  17  2:09  Drone  
  17  2:12  Zergling x2  
  19  2:17  Drone  
  20  2:24  Drone  
  21  2:31  Drone  
  22  2:38  Drone  
  23  2:45  Drone  
  24  2:53  Drone  
  24  2:54  Lair  
  25  3:00  Drone  
  26  3:24  Drone  
  27  3:31  Drone  
  27  3:34  Overlord  
  28  3:38  Drone  
  29  3:45  Drone  
  30  3:52  Drone  
  30  3:53  Spire  
  30  3:58  Overseer  
  30  3:59  Drone  
  31  4:07  Overseer, Drone  
  32  4:14  Drone  
  32  4:15  Overlord  
  33  4:21  Drone  
  34  4:28  Drone  
  35  4:35  Extractor, Drone  
  35  4:42  Extractor, Drone  
  35  4:49  Drone  
  36  4:57  Drone  
  37  5:04  Drone  
  37  5:05  Mutalisk  
  40  5:11  Drone  
  41  5:18  Drone  
  42  5:25  Drone  
  42  5:27  Overlord  
  43  5:32  Drone  
  44  5:39  Drone  
  45  5:47  Mutalisk, Drone  
  48  5:54  Drone  
  49  9:27  Zergling x2, Queen  
  43  9:36  Overlord, Overseer  
  43  9:45  Drone  
  30  9:52  Drone  
  26  9:56  Zergling x2  
  28  10:00  Drone  
  28  10:10  Drone  
  28  10:21  Drone  
  28  10:26  Spire  
Show
View Real Time Build Order
Export as new Build Order

crook Zerg - Winner!

Build Orders: Hatch First 

Get SALT Encoding   

  12  0:00  Drone  
  13  0:13  Overlord  
  13  0:17  Drone  
  14  0:33  Drone  
  14  0:34  Drone  
  16  0:47  Hatchery  
  15  0:51  Drone  
  15  0:54  Drone  
  17  0:59  Drone  
  18  1:12  Spawning Pool  
  18  1:14  Extractor  
  18  1:16  Drone  
  17  1:24  Drone  
  18  1:30  Drone  
  19  1:40  Drone  
  20  1:50  Overlord  
  20  2:01  Queen x2  
  20  2:02  Drone x2  
  26  2:14  Drone x2  
  28  2:25  Drone x2  
  30  2:32  Drone  
  31  2:38  Lair  
  31  2:41  Queen  
  31  2:42  Drone  
  31  2:43  Drone  
  35  2:45  Overlord  
  35  2:56  Drone  
  36  3:05  Roach Warren  
  35  3:08  Evolution Chamber  
  35  3:12  Drone x9  
  43  3:25  Overlord  
  43  3:26  Overlord  
  43  3:31  Queen  
  43  3:32  Extractor  
  43  3:34  Extractor  
  43  3:39  Drone  
  44  3:45  Drone  
  44  3:46  Drone  
  44  3:47  Drone x2  
  44  3:48  Drone  
  49  3:49  Drone  
  50  3:57  Hatchery  
  49  4:03  Glial Reconstitution, Zerg Missile Weapons Level 1  
  49  4:07  Roach x4  
  59  4:10  Roach  
  59  4:22  Extractor  
  58  4:26  Roach  
  58  4:28  Overlord x2  
  60  4:44  Overlord x2  
  60  4:47  Drone x2  
  60  4:48  Drone  
  63  5:06  Drone x7  
  70  5:23  Drone x3  
  70  5:24  Drone x6  
  79  5:29  Hydralisk Den  
  79  5:34  Evolution Chamber  
  77  5:40  Overlord x2  
  77  5:46  Drone x2  
  77  5:47  Drone  
  77  5:48  Extractor  
  77  5:49  Extractor  
  78  6:00  Muscular Augments  
  78  6:01  Zerg Ground Armor Level 1  
  78  6:02  Hatchery  
  77  6:04  Zerg Missile Weapons Level 2  
  77  6:11  Drone  
  77  6:12  Drone x3  
  77  6:13  Drone x2  
  83  6:20  Overlord x3  
  83  6:21  Overlord  
  83  6:22  Hydralisk x6  
  95  6:49  Hydralisk x13  
  121  7:03  Overlord x2  
  121  7:05  Overseer  
  121  7:06  Overseer x2  
  121  7:11  Grooved Spines  
  121  7:21  Drone x12  
  133  7:40  Drone  
  133  7:41  Drone x10  
  144  7:47  Extractor  
  144  7:48  Extractor  
  142  7:54  Overlord x3  
  142  7:55  Overlord, Infestation Pit  
  142  7:56  Hydralisk x6  
  153  8:01  Zerg Ground Armor Level 2  
  153  8:11  Drone  
  154  8:14  Drone  
  155  8:20  Hydralisk x11  
  155  8:21  Hydralisk  
  155  8:23  Overlord  
  179  8:27  Overlord x2  
  179  8:35  Hydralisk x5  
  179  8:36  Hatchery  
  179  8:40  Hive  
  188  8:50  Hydralisk  
  188  8:51  Hydralisk x5  
  200  9:10  Pneumatized Carapace  
  200  9:20  Spine Crawler  
  199  9:24  Spore Crawler  
  198  9:32  Spine Crawler  
  198  9:33  Spine Crawler, Spore Crawler  
  195  9:39  Spore Crawler, Spine Crawler x2  
  195  9:43  Spore Crawler, Spine Crawler  
  195  9:44  Spine Crawler  
  189  9:46  Drone x4  
  189  9:47  Drone x7  
Tags
 
Add a new tag
Caveats
  • Supply blocks, unpowered buildings, or Contaminate may cause inaccurate times.
  • Supply counts are checked every 10 seconds.